 Dungeon Crawl Stone Soup version 0.31.0-11-ge490571c62 (webtiles) character file.

Game seed: 7878063715164413444

166 SnakkuSnakku7 the Insei (level 5, -8/42 HPs)
             Began as a Merfolk Air Elementalist on Jan 30, 2024.
             Engulfed by a cloud of steam (9 damage)
             ... on level 3 of the Dungeon.
             The game lasted 00:04:15 (2591 turns).

SnakkuSnakku7 the Insei (Merfolk Air Elementalist)  Turns: 2591, Time: 00:04:16

Health: -8/42      AC:  2    Str: 11    XL:     5   Next: 47%
Magic:  8/8        EV: 15    Int: 14    God:
Gold:   73         SH:  0    Dex: 14    Spells: 7/8 levels left

rFire   . .          .
                       - Unarmed
rCold   . . .        (no shield)
rNeg    . . .        a - +0 robe
rPois   .            k - +0 hat
rElec   .            (no cloak)
rCorr   .            (no gloves)
SInv    .            m - melded +0 pair of boots
Will    .....        (no amulet)
Stlth   +++          (no ring)
HPRegen 0.27/turn    (no ring)
MPRegen 0.11/turn

%: no passive effects
@: very quick
A: nimble swimmer 2, mertail
a: no special abilities


You were on level 3 of the Dungeon.
You visited 1 branch of the dungeon, and saw 4 of its levels.

You collected 159 gold pieces.
You spent 86 gold pieces at shops.

Inventory:

Missiles
 n - 2 poisoned darts (quivered)
Armour
 a - a +0 robe (worn)
 k - a +0 hat (worn)
 m - a +0 pair of boots (melded)
Scrolls
 c - 2 scrolls of teleportation {unknown}
 e - 4 scrolls of identify {unknown}
 i - a scroll of fear {unknown}
 o - a scroll of blinking {unknown}
 p - a scroll of fog {unknown}
 t - a scroll of poison {unknown}
Potions
 b - a potion of magic
 d - 3 potions of brilliance {unknown}
 f - a potion of enlightenment {unknown}
 g - a potion of ambrosia {unknown}
 h - 2 potions of heal wounds {unknown}
 j - 2 potions of lignification {unknown}
 l - a potion of might {unknown}
 q - a potion of mutation {unknown}
 r - a potion of attraction {unknown}
 s - a potion of haste {unknown}


   Skills:
 + Level 3.7 Fighting
 - Level 2.6 Dodging
 - Level 2.1 Stealth
 + Level 3.7 Unarmed Combat
 - Level 2.0 Spellcasting
 - Level 0.7 Conjurations
 - Level 2.4 Air Magic


You had 7 spell levels left.
You knew the following spells:

 Your Spells              Type           Power      Damage    Failure   Level
a - Shock                 Conj/Air       20%        1d4       13%         1

Your spell library contained the following spells:

 Spells                   Type           Power      Damage    Failure   Level
 Static Discharge         Conj/Air       10%        3-4/arc   19%         2
 Swiftness                Air            8%         N/A       26%         3
 Airstrike                Air            4%         2d(1-17)  65%         4
 Animate Dead             Necr           1%         N/A       93%         4
 Borgnjor's Vile Clutch   Necr/Erth      0%         N/A       100%        5
 Death Channel            Necr           0%         N/A       100%        6


Dungeon Overview and Level Annotations

Branches:
Dungeon (4/15)
 Temple: D:4-7

Altars:
Fedhas
Sif Muna
Vehumet

Shops:
D:1 *   D:3 *

Annotations:
D:4 Menkaure


Innate Abilities, Weirdness & Mutations

You are very nimble when in or above water. (Stealth+, EV+, Speed+++)
Your lower body shifts to a powerful aquatic tail in water.


Message History

The orc wizard is moderately wounded.
The orc wizard closely misses you.
You hit the orc wizard.
Your tail-slap misses the orc wizard.
The orc wizard is moderately wounded.
The orc wizard casts a spell at you.
You are confused.
You are too confused!
You are too confused!
You are too confused!
You are too confused!
You closely miss the orc wizard.
The orc wizard is moderately wounded.
The orc wizard hits you but does no damage.
Your +0 pair of boots unmelds from your body.
Your legs become a tail as you enter the water.
Your +0 pair of boots melds into your body.
The orc wizard hits you with a +0 dagger.
The orc wizard gestures at you while chanting.
The magic dart hits you!
You feel less confused.
The orc wizard hits you with a +0 dagger.
You barely miss the orc wizard.
The orc wizard is moderately wounded.
You hit the orc wizard.
The orc wizard is moderately wounded.
The orc wizard misses you.
You hit the orc wizard.
The orc wizard is heavily wounded.
The orc wizard casts a spell at you. The puff of flame misses you.
You hit the orc wizard.
The orc wizard is almost dead.
You are engulfed in a cloud of scalding steam.
The orc wizard gestures at you while chanting.
The puff of flame hits you!
* * * LOW HITPOINT WARNING * * *
You hit the orc wizard.
You kill the orc wizard!
You are engulfed in a cloud of scalding steam.
You die...

.....# #........)..####### ..†..#
###.≈≈≈≈§≈≈≈≈.## # ...∩.#
#...≈......§≈..# # .....#
#...≈.≈≈§.≈§≈..# ##
.....########...≈.≈..§§.≈†.#####.
................≈.≈._.§§≈†.......
#############..)≈.≈..§§§≈........
#.>.≈.≈≈§§§§≈......##
############.))@...§.§.≈......##
#..........#...≈≈≈.§≈§≈≈......##
#..........#..)...............#.
#..........###......###...###...
#...............##### ##### #..#
#...............# ##..#
#..........###### #..<#
#..[.......# #..## #..........#
#..#


There were no monsters in sight!

Vanquished Creatures
  A scorpion (D:3)
  An orc wizard (D:3)
  3 adders
  2 dart slugs (D:4)
  A ribbon worm (D:2)
  An orc (D:3)
  7 endoplasms
  4 giant cockroaches
  10 hobgoblins
  4 quokkas
  5 ball pythons
  6 bats
  2 frilled lizards (D:1)
  8 goblins
  9 kobolds
  7 rats
71 creatures vanquished.

Notes
Turn   | Place    | Note
-------+----------+-------------------------------------------
     0 | D:1      | SnakkuSnakku7 the Merfolk Air Elementalist began the quest
                  | for the Orb.
     0 | D:1      | Reached XP level 1. HP: 13/13 MP: 3/3
   143 | D:1      | Reached skill level 1 in Fighting
   143 | D:1      | Reached skill level 1 in Unarmed Combat
   143 | D:1      | Reached XP level 2. HP: 4/21 MP: 0/5
   470 | D:1      | Reached XP level 3. HP: 27/27 MP: 6/6
   472 | D:1      | Found Ycle Tas's Assorted Antiques.
   475 | D:1      | Bought a bubbling ruby potion for 20 gold pieces
   475 | D:1      | Bought an inky potion for 20 gold pieces
  1286 | D:1      | Bought a scroll labelled NUQYOMP WUEMPAUR for 23 gold
                  | pieces
  1286 | D:1      | Bought a scroll labelled QOMEMN JOACLU for 23 gold pieces
  1329 | D:3      | Noticed a scorpion
  1330 | D:3      | Found a blossoming altar of Fedhas.
  1504 | D:3      | Reached XP level 4. HP: 12/34 MP: 7/7
  1518 | D:3      | Killed a scorpion
  1519 | D:3      | Reached XP level 5. HP: 18/41 MP: 5/8
  1717 | D:3      | Found Izxeri's General Store.
  2045 | D:3      | Found a shimmering blue altar of Sif Muna.
  2435 | D:4      | Found a radiant altar of Vehumet.
  2435 | D:4      | Noticed Menkaure
  2590 | D:3      | HP: 1/42 [orc wizard/puff of flame (14)]
  2591 | D:3      | Engulfed by a cloud of steam

Illustrated notes

Levels and vault maps discovered:
D:1:      mainiacjoe_arrival_oval_in_oval, layout_rooms, serial_shops,
          nicolae_shop_tiny_real_fake_doors, minmay_tromino_i2
D:2:      layout_basic, serial_bayou, serial_bayou_pond_e,
          serial_bayou_lagoon_a, serial_bayou_ford_a, serial_bayou_pond_b
D:3:      layout_rooms, mainiacjoe_overflow_concentric_impassable,
          old_standard_altar, serial_shops, shop, kennysheep_generic_room_15
D:4:      layout_loops_ring, mainiacjoe_overflow_alcove_4, uniq_menkaure,
          uniq_pikel

Skill      XL: |  1  2  3  4 |
---------------+-------------+-----
Fighting       | 1 2 3 |  3.7
Unarmed Combat | 1 2 3 |  3.7
Dodging        | |  2.6
Stealth        | |  2.1
Spellcasting   | |  2.0
Conjurations   | |  0.7
Air Magic      | |  2.4

Action                     |  1- 3 |  4- 6 || total
---------------------------+-------+-------++-------
  Melee: Unarmed           |   143 |   121 ||   264
         Tailslap          |     6 |     3 ||     9
         Punch             |       |     2 ||     2
  Throw: Dart              |     4 |     2 ||     6
   Cast: Shock             |    16 |     2 ||    18
   Stab: Sleeping          |     1 |     4 ||     5
 Armour: Robe              |    81 |    60 ||   141
  Dodge: Dodged            |   100 |    77 ||   177
